 Dungeon Crawl Stone Soup version 0.31.0-11-ge490571c62 (webtiles) character file.

Game seed: 10646040753136449545

77 Amelense the Slasher (level 4, -3/35 HPs)
             Began as a Human Fighter on Feb 8, 2024.
             Was an Initiate of the Shining One.
             Incinerated by a bombardier beetle (5 damage)
             ... with a burning spray
             ... on level 3 of the Dungeon.
             The game lasted 00:07:40 (1606 turns).

Amelense the Slasher (Human Fighter)                Turns: 1606, Time: 00:07:41

Health: -3/35      AC:  6    Str: 16    XL:     4   Next: 34%
Magic:  4/4        EV:  9    Int:  9    God:    the Shining One [......]
Gold:   78         SH:  5    Dex: 14    Spells: 3/3 levels left

rFire   . . .        a - +0 long sword
rCold   . . .        c - +0 buckler
rNeg    . . .        b - +0 scale mail
rPois   .            (no helmet)
rElec   .            (no cloak)
rCorr   .            (no gloves)
SInv    .            (no boots)
Will    .....        k - amulet of regeneration Stlth
                     (no ring)
HPRegen 1.05/turn    (no ring)
MPRegen 0.09/turn

%: no passive effects
@: mighty, on fire, glowing
A: explore regen
a: Renounce Religion


You were on level 3 of the Dungeon.
You worshipped the Shining One.
The Shining One was noncommittal.
You visited 1 branch of the dungeon, and saw 3 of its levels.

You collected 78 gold pieces.

Inventory:

Hand Weapons
 a - a +0 long sword (weapon)
Armour
 b - a +0 scale mail (worn)
 c - a +0 buckler (worn)
 h - a +0 leather armour
Jewellery
 k - an amulet of regeneration (around neck)
Scrolls
 e - a scroll of enchant armour {unknown}
 i - a scroll of identify {unknown}
 j - 2 scrolls of teleportation
 l - a scroll of immolation {unknown}
 m - a scroll of vulnerability {unknown}
 n - a scroll of amnesia
 o - a scroll of noise
 q - a scroll of fear {unknown}
Potions
 d - a potion of might
 f - a potion of lignification {unknown}
 p - a potion of heal wounds {unknown}


   Skills:
 - Level 3.0 Fighting
 * Level 4.2 Long Blades
 - Level 3.0 Armour
 - Level 1.0 Dodging
 - Level 3.0 Shields


You had 3 spell levels left.
You didn't know any spells.
Your spell library contained the following spells:

 Spells                   Type           Power      Damage    Failure   Level
 Dazzling Flash           Conj/Hex       0%         N/A       99%         3
 Mephitic Cloud           Conj/Alch/Air  0%         N/A       99%         3
 Curse of Agony           Necr           0%         N/A       100%        5
 Silence                  Hex/Air        0%         N/A       100%        5


Dungeon Overview and Level Annotations

Branches:
Dungeon (3/15)

Altars:
Cheibriados
The Shining One


Innate Abilities, Weirdness & Mutations

You regain HP and MP as you explore.


Message History

You are even more covered in liquid fire!
You slash the endoplasm!
You kill the endoplasm!
The liquid fire burns you! The goblin hits you but does no damage.
An endoplasm comes into view.
The goblin hits you with a +0 club.
You shake off some of the fire as you move.
The liquid fire burns you!
You barely miss the goblin. The liquid fire burns you!
The goblin hits you but does no damage.
You hit the goblin.
The goblin is severely wounded.
The liquid fire burns you!
* * * LOW HITPOINT WARNING * * *
The goblin barely misses you.
You shake off some of the fire as you move.
The liquid fire burns you!
* * * LOW HITPOINT WARNING * * *
You shake off some of the fire as you move.
The liquid fire burns you!
* * * LOW HITPOINT WARNING * * *
You feel better. The liquid fire burns you!
* * * LOW HITPOINT WARNING * * *
The goblin hits you but does no damage.
You feel very mighty all of a sudden. The liquid fire burns you!
* * * LOW HITPOINT WARNING * * *
The goblin hits you but does no damage.
You shake off some of the fire as you move.
The liquid fire burns you!
* * * LOW HITPOINT WARNING * * *
The kobold attacks as it pursues you! The kobold hits you with a +0 club.
* * * LOW HITPOINT WARNING * * *
You slash the goblin!
You kill the goblin!
The liquid fire burns you!
You die...

##+###.....$.J...
#.........=.....
#..............
#............#
#.....J##....#
#......##....####
#......B.........
#...K)##..!.(####
#....@+..B.......
#.....####..#####
#(###..## #.#
###.####..# ...
..........# ##..
≈≈≈≈≈≈≈...# #.
..≈≈≈≈≈§..#
8§..._≈§..# #
.§§≈§≈≈≈.##


You could see an endoplasm and a kobold.

Vanquished Creatures
  3 adders (D:2)
  2 dart slugs (D:2)
  8 ball pythons
  5 endoplasms
  4 giant cockroaches
  3 goblins
  2 hobgoblins (D:2)
  A kobold (D:2)
  A quokka (D:1)
  10 bats
  4 frilled lizards
  4 rats
47 creatures vanquished.

Notes
Turn   | Place    | Note
-------+----------+-------------------------------------------
     0 | D:1      | Amelense the Human Fighter began the quest for the Orb.
     0 | D:1      | Reached XP level 1. HP: 18/18 MP: 1/1
   255 | D:1      | Reached XP level 2. HP: 24/24 MP: 2/2
   891 | D:2      | Reached skill level 3 in Long Blades
   906 | D:2      | Reached skill level 1 in Dodging
   906 | D:2      | Reached XP level 3. HP: 29/29 MP: 3/3
  1009 | D:2      | Found a glowing golden altar of the Shining One.
  1027 | D:2      | Became a worshipper of the Shining One
  1090 | D:2      | Reached skill level 4 in Long Blades
  1090 | D:2      | Reached XP level 4. HP: 30/35 MP: 4/4
  1562 | D:3      | Found a snail-covered altar of Cheibriados.
  1606 | D:3      | Incinerated by a bombardier beetle

Illustrated notes

Levels and vault maps discovered:
D:1:      lightli_arrival_noodles, layout_loops_ring, minmay_cut_off
D:2:      layout_rooms, basic_altar, grunt_ministairs_15,
          kennysheep_generic_room_11
D:3:      layout_basic, mainiacjoe_overflow_catwalk

Skill      XL: |  1  2  3 |
---------------+----------+-----
Long Blades    | 3 4 |  4.2
Dodging        | 1 |  1.0
Fighting       | |  3.0
Armour         | |  3.0
Shields        | |  3.0

Action                     |  1- 3 |  4- 6 || total
---------------------------+-------+-------++-------
  Melee: Long sword        |    98 |    36 ||   134
    Use: Scroll            |       |     3 ||     3
         Potion            |       |     3 ||     3
 Armour: Scale mail        |    98 |    28 ||   126
  Dodge: Dodged            |    64 |    15 ||    79
  Block: Buckler           |    40 |    20 ||    60
